 Dungeon Crawl Stone Soup version bcrawl-1.21.2-28-g2cb1824106 (webtiles) character file.

Game seed: 15532316235969236288

119257 MisterOstroum the Grappler (level 16, -7/167 HPs)
             Began as a Troll Transmuter on Feb 29, 2020.
             Was a Priest of Sif Muna.
             Mangled by an alligator (12 damage)
             ... called by a spriggan druid
             ... on level 1 of the Swamp on Mar 5, 2020.
             The game lasted 01:17:30 (25022 turns).

MisterOstroum the Grappler (Troll Transmuter)      Turns: 25022, Time: 01:17:31

Health: -7/167     AC: 15    Str: 27    XL:     16   Next: 27%
Magic:  39/39      EV: 14    Int: 10    God:    Sif Muna [***...]
Gold:   1260       SH: 11    Dex: 10    Spells: 7/18 levels left

rFire    + . .     SeeInvis +     - Unarmed
rCold    + + .     Gourm    +   T - +0 medium shield
rNeg     . . .     Faith    +   (armour unavailable)
rPois    +         Spirit   .   s - +1 hat
rElec    +         Reflect  .   i - +2 cloak "Nohor" {rElec MR+ MP+9}
rCorr    .         Harm     .   (gloves unavailable)
MR       ++++.                  (boots unavailable)
Stlth    +.........             h - amulet of Interdependent Arising {Faith rPois}
HPRegen  1.17/turn              L - ring of protection from fire
MPRegen  0.26/turn              p - ring "Quafro Renu" {rC+ MR++ MP+9 Slay+3 SInv}

@: divine energy
A: large, almost no armour, unfitting armour, claws 3, cold resistance 1, fast
metabolism 3, gourmand, regeneration 2, AC +11
a: Stop Divine Energy, Channel Magic, Renounce Religion


You were on level 1 of the Swamp.
You worshipped Sif Muna.
Sif Muna was most pleased with you.
You were very full.

You visited 5 branches of the dungeon, and saw 22 of its levels.
You also visited: Sewer, Ossuary and Gauntlet.

You collected 2774 gold pieces.
You spent 1514 gold pieces at shops.

Inventory:

Hand Weapons
 m - the +1 whip "Mumn" {venom, +Fly rElec MR- Int+5}
   (You found it on level 11 of the Dungeon)

   It poisons the flesh of those it strikes.
   It affects your intelligence (+5).
   It insulates you from electricity.
   It affects your resistance to hostile enchantments.
   It lets you fly.
Missiles
 a - 4717 arrows
 g - 6 throwing nets {!f!f}
 x - 264 large rocks
 V - 4301 stones (quivered)
Armour
 i - the +2 cloak "Nohor" (worn) {rElec MR+ MP+9}
   (You found it in a Gauntlet)

   It insulates you from electricity.
   It affects your resistance to hostile enchantments.
   It affects your magic capacity (+9).
 s - a +1 hat (worn)
 T - a +0 medium shield (worn)
Jewellery
 h - the amulet of Interdependent Arising (around neck) {Faith rPois}
   (You found it on level 11 of the Dungeon)

   [amulet of faith]

   It allows you to gain divine favour quickly.
   It protects you from poison.
 p - the ring "Quafro Renu" (right claw) {rC+ MR++ MP+9 Slay+3 SInv}
   (You found it on level 12 of the Dungeon)

   [ring of see invisible]

   It affects your accuracy and damage with ranged weapons and melee attacks
   (+3).
   It protects you from cold.
   It affects your resistance to hostile enchantments.
   It affects your magic capacity (+9).
   It lets you see invisible.
 K - an uncursed ring of protection from cold
 L - a ring of protection from fire (left claw)
 N - a +3 ring of evasion
Wands
 c - a wand of polymorph (23)
 f - a wand of flame (33)
 u - a wand of iceblast (10)
 A - a wand of random effects (24)
 J - a wand of clouds (4)
 M - a wand of paralysis (22)
 X - a wand of digging (7)
 Y - a wand of acid (19)
Scrolls
 b - 7 scrolls of remove curse {@r2}
 d - 2 scrolls of summoning {unknown}
 k - 4 scrolls of magic mapping {@r5 !r}
 l - 4 scrolls of teleportation {@r3 !r}
 w - 2 scrolls of blinking {@r4}
 y - 2 scrolls of amnesia
 D - a scroll of vulnerability {unknown}
 E - 2 scrolls of silence
 H - 2 scrolls of fog {unknown}
 P - 2 scrolls of immolation
 Q - 2 scrolls of fear
 Z - a scroll of acquirement {unknown}
Potions
 j - 4 potions of cancellation
 o - 4 potions of flight
 q - 3 potions of heal wounds
 t - 2 potions of berserk rage
 v - 3 potions of might {@q3 !q}
 z - 8 potions of lignification {@q6}
 B - 4 potions of mutation
 C - 2 potions of brilliance
 F - a potion of agility {@q5 !q}
 O - 3 potions of resistance
 R - a potion of ambrosia
 S - 15 potions of curing {@q1 !q}
 W - 2 potions of invisibility
Miscellaneous
 n - a lamp of fire
 r - 3 boxes of beasts
 I - a lightning rod (4/4)
 U - a sack of spiders
Comestibles
 e - 43 rations {!d}


   Skills:
 + Level 12.4 Fighting
 + Level 10.8 Dodging
 - Level 9.0 Shields
 * Level 14.1 Unarmed Combat
 - Level 1.8 Spellcasting
 + Level 4.1 Transmutations
 * Level 9.0 Evocations


You had 7 spell levels left.
You knew the following spells:

 Your Spells              Type           Power        Failure   Level  Hunger
a - Regeneration          Chrm/Necr      #.........   67%         3    ####...
b - Sticks to Snakes      Tmut           #.......     9%          2    ###....
c - Ice Form              Ice/Tmut       #.......     80%         4    #####..
d - Blink                 Tloc           N/A          43%         2    ###....

Your spell library contained the following spells:

 Spells                   Type           Power        Failure   Level  Hunger
 Beastly Appendage        Tmut           #.....       6%          1    ##.....
 Animate Skeleton         Necr           N/A          32%         1    ##.....
 Apportation              Tloc           #.....       32%         1    ##.....
 Corona                   Hex            #......      32%         1    ##.....
 Infusion                 Chrm           #.......     32%         1    ##.....
 Magic Dart               Conj           #...         32%         1    ##.....
 Pain                     Necr           #.....       32%         1    ##.....
 Sandblast                Erth           #.....       32%         1    ##.....
 Slow                     Hex            #.......     32%         1    ##.....
 Summon Butterflies       Summ           #.......     32%         1    ##.....
 Spider Form              Tmut/Pois      #..          38%         3    ####...
 Call Imp                 Summ           #.....       43%         2    ###....
 Beckoning                Tloc           #.........   67%         3    ####...
 Conjure Flame            Conj/Fire      #.......     67%         3    ####...
 Dazzling Spray           Conj/Hex       #.....       67%         3    ####...
 Inner Flame              Hex/Fire       N/A          67%         3    ####...
 Mephitic Cloud           Conj/Pois/Air  #.......     67%         3    ####...
 Ozocubu's Armour         Chrm/Ice       #.......     67%         3    ####...
 Portal Projectile        Tloc           #.....       67%         3    ####...
 Stone Arrow              Conj/Erth      #.....       67%         3    ####...
 Vampiric Draining        Necr           #.........   67%         3    ####...
 Blade Hands              Tmut           #.........   85%         5    ######.
 Animate Dead             Necr           N/A          97%         4    #####..
 Force Lance              Tloc           #.......     97%         4    #####..
 Sticky Flame             Conj/Fire      #.......     97%         4    #####..
 Aura of Abjuration       Summ           #.........   100%        5    ######.
 Bolt of Draining         Conj/Necr      #.........   100%        5    ######.
 Bolt of Magma            Conj/Fire/Erth #.........   100%        5    ######.
 Fireball                 Conj/Fire      #.........   100%        5    ######.
 Iskenderun's Battlesphe  Conj/Chrm      #.......     100%        5    ######.
 Metabolic Englaciation   Hex/Ice        #.........   100%        5    ######.
 Silence                  Hex/Air        #.........   100%        5    ######.
 Summon Demon             Summ           #.........   100%        5    ######.
 Summon Mana Viper        Hex/Summ       #.......     100%        5    ######.
 Bolt of Cold             Conj/Ice       #.........   100%        6    #######
 Deflect Missiles         Chrm/Air       #.........   100%        6    #######
 Dispersal                Tloc           #.........   100%        6    #######
 Freezing Cloud           Ice/Air        #.........   100%        6    #######
 Invisibility             Hex            #.......     100%        6    #######
 Ozocubu's Refrigeration  Ice            #.........   100%        6    #######
 Simulacrum               Ice/Necr       #.........   100%        6    #######
 Summon Hydra             Summ           #.........   100%        6    #######
 Haunt                    Necr/Summ      #.........   100%        7    #######
 Orb of Destruction       Conj           #.........   100%        7    #######
 Spellforged Servitor     Conj/Summ      #.........   100%        7    #######
 Chain Lightning          Conj/Air       #.........   100%        8    #######
 Controlled Blink         Tloc           N/A          100%        8    #######
 Glaciate                 Conj/Ice/Air   #.........   100%        8    #######


Dungeon Overview and Level Annotations

Branches:
Dungeon (12/12)            Temple (0/1) D:4            Lair (6/6) D:7
  Swamp (1/3) Lair:4        Snake (2/3) Lair:4        Slime (0/5) Lair:6
    Orc (1/1) D:8             Elf (0/3) Orc          Vaults (0/3) D:12
 Depths (0/5) D:12

Altars:
Cheibriados
Elyvilon
Fedhas
Lugonu
Makhleb
Nemelex Xobeh
Okawaru
Qazlal
Ru
Sif Muna
Trog
Uskayaw
Vehumet
Zin
Jiyva

Shops:
D:5 =   Orc (*[:

Annotations:
Lair:2 28 exclusions
Snake:2 Aizul, Saint Roka


Innate Abilities, Weirdness & Mutations

You cannot wear most types of armour.
Your thick skin is tough. (AC +11)
You are too large for most types of armour.
You have claws for hands.
Your flesh is cold resistant. (rC+)
Your metabolism is lightning-fast.
You like to eat raw meat.
You heal very quickly.


Message History

The vampire mosquito barely misses you.
You claw the vampire mosquito!
You destroy the vampire mosquito!
Sif Muna accepts your kill.
You block the vampire mosquito's attack.
An alligator comes into view.
You mangle the vampire mosquito!!
The vampire mosquito is almost destroyed.
The vampire mosquito misses you.
The vampire mosquito bites you but does no damage.
The alligator puts on a burst of speed!
You eviscerate the vampire mosquito!!!
You destroy the vampire mosquito!
Sif Muna accepts your kill.
An alligator comes into view.
The alligator puts on a burst of speed!
The alligator closely misses you. The alligator tail-slaps you.
You barely miss the alligator. The alligator bites you!!!
The alligator tail-slaps you but does no damage.
You scratch the alligator.
The alligator is lightly wounded.
The alligator barely misses you. The alligator misses you.
You claw the alligator!
The alligator is lightly wounded.
The alligator bites you!! The alligator tail-slaps you!
The alligator bites you but does no damage.
The alligator tail-slaps you.
The alligator puts on a burst of speed!
You are too injured to fight recklessly!
You are too injured to fight recklessly!
You are too injured to fight recklessly!
You are too injured to fight recklessly!
You are too injured to fight recklessly!
You are too injured to fight recklessly!
You are too injured to fight recklessly!
You are too injured to fight recklessly!
You are too injured to fight recklessly!
You are too injured to fight recklessly!
You are too injured to fight recklessly!
You are too injured to fight recklessly!
You are too injured to fight recklessly!
You are too injured to fight recklessly!
You are too injured to fight recklessly!
You are too injured to fight recklessly!
You are too injured to fight recklessly!
You are too injured to fight recklessly!
You are too injured to fight recklessly!
You are too injured to fight recklessly!
You are too injured to fight recklessly!
You are too injured to fight recklessly!
You are too injured to fight recklessly!
You are too injured to fight recklessly!
You are too injured to fight recklessly!
You are too injured to fight recklessly!
You are too injured to fight recklessly!
You are too injured to fight recklessly!
You are too injured to fight recklessly!
You are too injured to fight recklessly!
You closely miss the alligator.
The alligator is lightly wounded.
You block the alligator's attack. The alligator barely misses you.
You block the alligator's attack.
The alligator tail-slaps you but does no damage.
You completely miss the alligator.
The alligator is lightly wounded.
The alligator bites you!! You block the alligator's attack.
You claw the alligator!
The alligator is moderately wounded.
You block the alligator's attack. x2; The alligator bites you!
The alligator tail-slaps you but does no damage.
The alligator bites you but does no damage.
The alligator tail-slaps you. The alligator misses you.
The alligator tail-slaps you but does no damage.
You barely miss the alligator.
The alligator is moderately wounded.
The alligator misses you. The alligator tail-slaps you.
* * * LOW HITPOINT WARNING * * *
You block the alligator's attack.
The alligator tail-slaps you but does no damage.
You mangle the alligator!!
The alligator is severely wounded.
The alligator no longer looks unusually strong.
You block the alligator's attack. x2; The alligator bites you.
* * * LOW HITPOINT WARNING * * *
The alligator tail-slaps you but does no damage.
The alligator bites you!
* * * LOW HITPOINT WARNING * * *
The alligator tail-slaps you.
* * * LOW HITPOINT WARNING * * *
The alligator completely misses you. The alligator tail-slaps you.
* * * LOW HITPOINT WARNING * * *
You claw the alligator!
The alligator is almost dead.
A spriggan rider comes into view. It is wielding a +0 quarterstaff.
You block the alligator's attack. The alligator tail-slaps you!
* * * LOW HITPOINT WARNING * * *
You block the alligator's attack. The alligator completely misses you.
The alligator bites you!
* * * LOW HITPOINT WARNING * * *
You block the alligator's attack. The alligator bites you!
You die...

♣....≈ ♣♣.♣............
≈≈§... ≈..≈...≈........
.≈.≈≈.♣♣≈ ♣§.....≈≈≈....
...≈≈≈..♣♣♣...♣≈≈.≈≈≈≈.≈
...≈≈≈............≈≈≈≈≈≈
♣>..[.........≈≈≈.≈≈≈≈≈≈
≈...≈≈≈....≈≈.≈t)t≈≈≈≈≈i
...≈≈≈≈...≈≈≈..t@t.≈≈...
≈..≈≈≈§♣♣≈............♣.
..≈≈≈≈.♣♣♣♣.≈≈....>♣≈♣.≈
...≈≈≈≈♣ ♣.≈≈..≈≈.♣ ♣
.≈.≈≈.♣♣ ♣.≈.....♣♣
≈♣♣.≈.♣ ♣♣.♣♣♣♣♣♣
..♣.≈.♣♣♣♣ ♣♣♣ ♣♣≈♣♣
..♣≈...≈≈♣ ♣≈≈≈♣♣♣
....≈....♣♣♣♣♣♣♣♣♣♣♣♣♣♣
♣^≈≈≈≈♣♣♣


You could see 4 alligators and a spriggan rider (wandering).

Vanquished Creatures
  A fire giant (D:11)
  An orc warlord (Orc)
  A minotaur (Gauntlet)
  2 ettins
  Snorg (Lair:5)
  Josephine (D:11)
  A fire dragon (Lair:5)
  Fannar (Orc)
  A yaktaur captain (D:12)
  A hell beast (Gauntlet)
  Harold (D:8)
  6 hydras
  2 catoblepae (D:12)
  A shambling mangrove (Swamp:1)
  2 naga warriors
  5 centaur warriors
  5 ogre magi
  2 anacondas (Snake:1)
  10 two-headed ogres
  6 alligators (Swamp:1)
  Urug (Orc)
  A deep troll earth mage (D:11)
  6 death yaks (Lair:6)
  A shock serpent (Snake:1)
  3 naga sharpshooters (Snake:1)
  2 orc high priests (Orc)
  2 spriggan druids (Swamp:1)
  An unseen horror (D:8)
  A naga ritualist (Snake:1)
  3 cyclopes
  A lindwurm (Lair:6)
  A wolf spider zombie (D:11)
  4 salamanders (Snake:1)
  3 mana vipers (Snake:1)
  5 orc knights
  2 orc sorcerers (Orc)
  2 deep elf magi
  4 ugly things
  2 wolf spiders (Lair:6)
  A manticore (D:10)
  9 elephants
  A guardian serpent (Lair:6)
  14 black mambas
  6 centaur zombies
  2 naga magi
  A smoke demon (Gauntlet)
  A cane toad (shapeshifter) (D:10)
  5 gargoyles
  8 rime drakes
  3 komodo dragons
  2 yaktaurs
  18 cane toads
  A red devil (Gauntlet)
  2 tyrant leeches (Swamp:1)
  A merfolk (D:9)
  A polar bear (Lair:4)
  3 trolls
  A wolf spider simulacrum (D:12)
  Grinder (D:3)
  A raiju (D:10)
  4 hornets
  2 bog bodies (Lair:4)
  17 blink frogs
  A meliai zombie (D:11)
  11 hippogriffs
  A dream sheep (Lair:3)
  4 flying skulls (Gauntlet)
  A centaur simulacrum (D:11)
  Sigmund (D:3)
  39 yaks
  4 wraiths (D:11)
  A vampire (D:8)
  12 wyverns
  3 basilisks
  10 steam dragons
  5 hungry ghosts
  Menkaure (D:7)
  10 vampire mosquitoes
  2 swamp worms (Swamp:1)
  9 nagas
  16 water moccasins
  A soldier ant (D:10)
  13 crocodiles
  3 wargs
  3 acid dragons
  Duvessa (D:4)
  7 porcupines
  4 ice beasts
  21 orc warriors
  4 sky beasts
  4 black bears
  A swamp drake (Swamp:1)
  2 phantoms
  10 ogres
  6 centaurs
  A necrophage (D:10)
  32 wolves
  7 bullfrogs
  6 big kobolds
  3 water moccasin zombies (Ossuary)
  5 scorpions
  A water moccasin skeleton (D:6)
  Dowan (D:4)
  3 wights (D:12)
  A howler monkey (D:8)
  3 electric eels
  12 crimson imps
  A quasit (D:11)
  2 jellies
  8 hounds
  12 orc priests
  5 centaur skeletons
  12 orc wizards
  Crazy Yiuf (D:3)
  A bullfrog skeleton (D:3)
  Ijyb (D:3)
  8 iguanas
  8 worker ants
  Natasha (thrice) (D:3)
  A killer bee zombie (D:5)
  4 big kobold zombies (Ossuary)
  A hound skeleton (D:7)
  2 mummies (Ossuary)
  3 worker ant zombies
  4 gnolls
  11 adders
  2 river rats (Sewer)
  4 shadow imps
  2 adder skeletons
  3 adder zombies (Ossuary)
  4 worms
  3 dart slugs
  11 leopard geckos
  56 orcs
  6 bats
  2 giant cockroaches
  8 goblins
  10 hobgoblins
  15 jackals
  5 quokkas
  3 ball pythons
  7 frilled lizards
  5 hobgoblin zombies (Ossuary)
  A jackal skeleton (D:7)
  36 kobolds
  3 kobold zombies (Ossuary)
  8 orc zombies (Ossuary)
  6 rats
  A fire vortex (Lair:5)
776 creatures vanquished.

Vanquished Creatures (others)
  A fire giant (D:11)
  A black mamba (Lair:6)
  A bush (Lair:6)
  19 fungi
  25 plants
47 creatures vanquished.

Grand Total: 823 creatures vanquished

Notes
Turn   | Place    | Note
-------+----------+-------------------------------------------
     0 | D:1      | MisterOstroum the Troll Transmuter began the quest for the
                  | Orb.
     0 | D:1      | Reached XP level 1. HP: 18/18 MP: 2/2
   108 | D:1      | Reached skill level 1 in Fighting
   345 | D:1      | Reached XP level 2. HP: 27/27 MP: 3/3
   458 | D:1      | Learned a level 2 spell: Sticks to Snakes
   806 | D:2      | Reached XP level 3. HP: 30/33 MP: 4/4
   865 | D:2      | Found a white marble altar of Elyvilon.
   920 | D:2      | Became a worshipper of Elyvilon the Healer
   951 | D:2      | Found a hide-covered altar of Uskayaw.
   953 | D:2      | Found a shimmering blue altar of Sif Muna.
   953 | D:2      | Found a sacrificial altar of Ru.
   955 | D:2      | Found a stormy altar of Qazlal.
   956 | D:2      | Found a sparkling altar of Nemelex Xobeh.
   958 | D:2      | Found a glowing silver altar of Zin.
   958 | D:2      | Found a blossoming altar of Fedhas.
   964 | D:2      | Fell from the grace of Elyvilon
   964 | D:2      | Became a worshipper of Sif Muna the Loreminder
  1127 | D:2      | Gained mutation: Your natural rate of healing is unusually
                  | fast. [Troll growth]
  1127 | D:2      | Reached XP level 4. HP: 33/42 MP: 5/5
  1390 | D:2      | Reached skill level 4 in Unarmed Combat
  1624 | D:3      | Noticed an ogre
  1637 | D:3      | Killed an ogre
  1637 | D:3      | Reached XP level 5. HP: 26/50 MP: 1/6
  1688 | D:3      | Found a glowing drain.
  1721 | Sewer    | Entered a sewer
  1812 | Sewer    | Reached XP level 6. HP: 54/61 MP: 7/7
  1865 | Sewer    | Found a white marble altar of Elyvilon.
  1930 | D:3      | Reached skill level 5 in Unarmed Combat
  2034 | D:3      | Noticed Ijyb
  2080 | D:3      | Killed Ijyb
  2180 | D:3      | Found a runed door.
  2240 | D:3      | Found a burning altar of Makhleb.
  2400 | D:3      | Noticed Sigmund
  2464 | D:3      | Noticed Grinder
  2464 | D:3      | Paralysed by Grinder for 4 turns
  2480 | D:3      | Killed Grinder
  2480 | D:3      | Reached skill level 1 in Evocations
  2480 | D:3      | Reached XP level 7. HP: 21/70 MP: 8/8
  2763 | D:3      | Noticed Natasha
  2772 | D:3      | Killed Natasha
  2919 | D:3      | Killed Sigmund
  2919 | D:3      | Reached skill level 6 in Unarmed Combat
  2945 | D:3      | Noticed a hippogriff
  2959 | D:3      | Killed a hippogriff
  2959 | D:3      | Reached XP level 8. HP: 65/79 MP: 9/9
  3126 | D:3      | Noticed Crazy Yiuf
  3133 | D:3      | Killed Crazy Yiuf
  3284 | D:3      | Noticed Natasha
  3288 | D:3      | Killed Natasha
  3347 | D:3      | Noticed Natasha
  3353 | D:3      | Killed Natasha
  3614 | D:3      | Found a burning altar of Makhleb.
  3906 | D:4      | Reached * piety under Sif Muna
  3922 | D:4      | Reached skill level 5 in Fighting
  4190 | D:4      | Found a staircase to the Ecumenical Temple.
  4192 | D:4      | Found a faded altar of an unknown god.
  4248 | D:4      | Reached skill level 7 in Unarmed Combat
  4687 | D:4      | Noticed Duvessa
  4687 | D:4      | Noticed Dowan
  4697 | D:4      | Killed Dowan
  4704 | D:4      | Killed Duvessa
  5171 | D:5      | Entered Level 5 of the Dungeon
  5284 | D:5      | Found a sand-covered staircase.
  5293 | Ossuary  | Entered an ossuary
  5310 | Ossuary  | Identified Sif Muna's Grimoire of Creative Confrontation
                  | (Sif Muna gifted it to you in an ossuary)
  5310 | Ossuary  | Received a gift from Sif Muna
  5310 | Ossuary  | Reached XP level 9. HP: 89/89 MP: 10/10
  5574 | D:5      | Found Gyotury's Jewellery Boutique.
  5610 | D:5      | Reached skill level 8 in Unarmed Combat
  6131 | D:6      | Found a radiant altar of Vehumet.
  6226 | D:6      | Found a corrupted altar of Lugonu.
  6523 | D:6      | Reached skill level 5 in Dodging
  6864 | D:6      | Reached skill level 9 in Unarmed Combat
  6963 | D:7      | Noticed Menkaure
  7049 | D:7      | Killed Menkaure
  7119 | D:7      | Reached XP level 10. HP: 98/102 MP: 11/11
  7325 | D:7      | Found a staircase to the Lair.
  7414 | D:7      | Found a bloodstained altar of Trog.
  7419 | D:7      | Found an iron altar of Okawaru.
  7689 | D:8      | Found a staircase to the Orcish Mines.
  7751 | D:8      | Got a warped falchion
  7826 | D:8      | Noticed a cyclops
  7865 | D:8      | Killed a cyclops
  8024 | D:8      | Reached skill level 10 in Unarmed Combat
  8160 | D:8      | Noticed a two-headed ogre
  8166 | D:8      | Killed a two-headed ogre
  8170 | D:8      | Noticed a gargoyle
  8180 | D:8      | Killed a gargoyle
  8216 | D:8      | Noticed a deep elf mage
  8219 | D:8      | Noticed an ogre mage
  8223 | D:8      | Noticed a red ugly thing
  8434 | D:8      | Identified the +2 robe of Tairuan {rC+ Stlth+}
  8460 | D:8      | Noticed Harold
  8505 | D:8      | Killed Harold
  8526 | D:8      | Reached XP level 11. HP: 58/115 MP: 12/12
  8575 | Lair:1   | Entered Level 1 of the Lair of Beasts
  8779 | Lair:1   | Reached skill level 1 in Shields
  9609 | Lair:1   | Reached skill level 10 in Fighting
  9665 | Lair:2   | Found a gate leading to a gauntlet.
  9696 | Gauntlet | Entered a Gauntlet
  9696 | Gauntlet | Found a transporter.
  9708 | Gauntlet | Found a transporter.
  9710 | Gauntlet | Found a transporter.
  9717 | Gauntlet | Found a transporter.
  9732 | Gauntlet | Found a transporter.
  9737 | Gauntlet | Found a transporter.
  9752 | Gauntlet | Found a transporter.
  9771 | Gauntlet | Found a transporter.
  9771 | Gauntlet | Noticed a hell beast
  9783 | Gauntlet | Found a transporter.
  9793 | Gauntlet | Noticed a green death
  9795 | Gauntlet | Found a transporter.
  9803 | Gauntlet | Noticed a death yak
  9804 | Gauntlet | Noticed a death yak
  9804 | Gauntlet | Noticed a death yak
  9805 | Gauntlet | Noticed a necromancer
  9807 | Gauntlet | Found a transporter.
  9819 | Gauntlet | Found a transporter.
  9819 | Gauntlet | Noticed a ghost crab
  9836 | Gauntlet | Found a transporter.
  9853 | Gauntlet | Found a transporter.
  9855 | Gauntlet | Found a transporter.
  9882 | Gauntlet | Found a transporter.
  9962 | Gauntlet | Found a transporter.
 10077 | Gauntlet | Found a transporter.
 10081 | Gauntlet | Got an ichor-stained cloak
 10095 | Gauntlet | Identified the +2 cloak "Nohor" {rElec MR+ MP+9} (You found
                  | it in a Gauntlet)
 10254 | Gauntlet | Killed a hell beast
 10254 | Gauntlet | Identified Sif Muna's Collected Works on Confrontation and
                  | Malediction (Sif Muna gifted it to you in a Gauntlet)
 10254 | Gauntlet | Received a gift from Sif Muna
 10260 | Gauntlet | Got a scorched zirconium amulet
 10303 | Gauntlet | Identified the ring "Kuziol" {Fire *Corrode rPois Stlth+}
 10303 | Gauntlet | Noticed a minotaur
 10315 | Gauntlet | Killed a minotaur
 10332 | Gauntlet | Identified the Tome of Talismans and Confrontation
 10337 | Gauntlet | Identified the amulet "Acaclaum" {Reflect rElec rPois rC-
                  | SH+3} (You found it in a Gauntlet)
 10402 | Lair:2   | Noticed a lindwurm
 10405 | Lair:2   | Noticed a lindwurm
 11102 | Lair:3   | Gained mutation: You heal very quickly. [Troll growth]
 11102 | Lair:3   | Reached XP level 12. HP: 118/126 MP: 14/14
 11299 | Lair:3   | Reached ** piety under Sif Muna
 11657 | Lair:3   | Reached skill level 5 in Evocations
 11659 | Lair:3   | Reached skill level 5 in Shields
 12396 | Lair:4   | Got a steaming quarterstaff
 12704 | Lair:4   | Noticed a seven-headed hydra
 12715 | Lair:4   | Killed a nine-headed hydra
 13131 | Lair:4   | Found a staircase to the Snake Pit.
 13241 | Lair:4   | Found a staircase to the Swamp.
 13619 | Lair:5   | Reached XP level 13. HP: 106/135 MP: 16/16
 13721 | Lair:5   | Noticed Snorg
 13727 | Lair:5   | Killed Snorg
 14516 | Lair:6   | Entered Level 6 of the Lair of Beasts
 14531 | Lair:5   | Reached skill level 11 in Unarmed Combat
 15014 | Lair:6   | Found a viscous altar of Jiyva.
 15014 | Lair:6   | Found a staircase to the Slime Pits.
 15434 | Lair:6   | Received a gift from Sif Muna
 15434 | Lair:6   | Noticed a fire dragon
 15472 | Lair:5   | Killed a fire dragon
 15770 | Lair:6   | Reached XP level 14. HP: 146/146 MP: 18/18
 16710 | Lair:6   | Got a dazzling whip
 16715 | Lair:6   | Identified the cursed +0 whip of the Real Monster {flame,
                  | MR+ Dex+4} (You found it on level 6 of the Lair of Beasts)
 16820 | Lair:6   | Learned a level 4 spell: Ice Form
 17463 | Orc      | Entered the Orcish Mines
 17463 | Orc      | Found a staircase to the Elven Halls.
 17463 | Orc      | Found Julihute's Book Shop.
 17705 | Orc      | Reached skill level 12 in Unarmed Combat
 17715 | Orc      | Noticed an orc warlord
 17888 | D:9      | Found an iron altar of Okawaru.
 18006 | D:9      | Reached skill level 10 in Dodging
 18022 | D:9      | Found a burning altar of Makhleb.
 18036 | D:9      | Found a snail-covered altar of Cheibriados.
 18561 | D:10     | Entered Level 10 of the Dungeon
 18581 | D:10     | Got a polished shortbow
 18688 | D:10     | Noticed Sonja
 18689 | D:10     | Noticed Sonja
 18689 | D:10     | Sonja changed into Sonja the raiju
 18698 | D:10     | Killed Sonja the raiju
 18801 | D:10     | Reached *** piety under Sif Muna
 19048 | D:10     | Noticed Erica
 19049 | D:10     | Noticed Erica
 19049 | D:10     | Erica changed into Erica the manticore
 19059 | D:10     | Killed Erica the manticore
 19192 | D:11     | Identified Eniliaw's Almanac of the Oath and Creation (Sif
                  | Muna gifted it to you on level 11 of the Dungeon)
 19192 | D:11     | Received a gift from Sif Muna
 19258 | D:11     | Noticed Josephine
 19281 | D:11     | Killed Josephine
 19535 | D:11     | Reached XP level 15. HP: 122/156 MP: 19/19
 19568 | D:11     | Got a pitted whip
 19654 | D:11     | Identified the cursed +1 whip "Mumn" {venom, +Fly rElec MR-
                  | Int+5} (You found it on level 11 of the Dungeon)
 20027 | D:11     | Found a blossoming altar of Fedhas.
 20064 | D:11     | Noticed a fire giant
 20072 | D:11     | Killed a fire giant
 20166 | D:11     | Noticed a fire giant
 20175 | D:11     | Killed a fire giant
 20505 | D:11     | Got a crude sapphire amulet
 20507 | D:11     | Identified the amulet of Interdependent Arising {Faith
                  | rPois} (You found it on level 11 of the Dungeon)
 20554 | D:12     | Entered Level 12 of the Dungeon
 20734 | D:12     | Found a staircase to the Depths.
 20811 | D:12     | Reached skill level 13 in Unarmed Combat
 20858 | D:12     | Found a gate to the Vaults.
 21220 | D:12     | Got a pitted platinum ring
 22035 | Orc      | Killed an orc warlord
 22065 | Orc      | Found Xemuza's Antique Armour Shop.
 22091 | Orc      | Noticed Urug
 22126 | Orc      | Killed Urug
 22320 | Orc      | Identified Sif Muna's Catalogue of Arcane Weapons (Sif Muna
                  | gifted it to you in the Orcish Mines)
 22320 | Orc      | Received a gift from Sif Muna
 22372 | Orc      | Found Sokuas's Antique Weapon Boutique.
 22470 | Orc      | Noticed Fannar
 22479 | Orc      | Killed Fannar
 22590 | Orc      | Found Luceumeck's General Store.
 22725 | Orc      | Bought a book of Necromancy for 450 gold pieces
 22725 | Orc      | Bought a book of Minor Magic for 300 gold pieces
 22725 | Orc      | Bought a book of Cantrips for 300 gold pieces
 22729 | Orc      | Learned a level 3 spell: Regeneration
 22732 | Orc      | Learned a level 2 spell: Blink
 22748 | Orc      | Bought a glowing hat for 224 gold pieces
 22748 | Orc      | Bought a shiny medium shield for 240 gold pieces
 22749 | Orc      | Identified the ring "Quafro Renu" {rC+ MR++ MP+9 Slay+3
                  | SInv} (You found it on level 12 of the Dungeon)
 22750 | Orc      | Upgraded the game from bcrawl-1.21.2-20-g6d45ba5942 to
                  | bcrawl-1.21.2-28-g2cb1824106
 22908 | Snake:1  | Entered Level 1 of the Snake Pit
 24044 | Snake:1  | Gained mutation: Your flesh is cold resistant. (rC+) [Troll
                  | growth]
 24044 | Snake:1  | Reached XP level 16. HP: 58/166 MP: 21/21
 24308 | Snake:2  | Noticed Saint Roka
 24316 | Snake:2  | Noticed Aizul
 24511 | Swamp:1  | Entered Level 1 of the Swamp
 24700 | Swamp:1  | Reached skill level 14 in Unarmed Combat
 25022 | Swamp:1  | HP: 5/167 [alligator[a spriggan druid] (13)]
 25022 | Swamp:1  | Mangled by an alligator

Skill      XL: |  1  2  3  4  5  6  7  8  9 10 11 12 13 14 15 16 |
---------------+-------------------------------------------------+-----
Fighting       | 1 2 3 4 5 7 9 10 11 12 | 12.4
Dodging        | 2 3 4 5 6 7 8 9 10 | 10.8
Unarmed Combat | 4 5 6 7 9 10 11 12 13 14 | 14.1
Evocations     | 1 2 3 4 5 6 7 8 9 |  9.0
Shields        | 4 6 7 9 |  9.0
Transmutations | 3 4 |  4.1
Spellcasting   | |  1.8

Action                   |  1- 3 |  4- 6 |  7- 9 | 10-12 | 13-15 | 16-18 || total
-------------------------+-------+-------+-------+-------+-------+-------++-------
Melee: Unarmed           |   110 |   143 |   425 |   722 |  1550 |   171 ||  3121
       Punch             |       |     1 |    11 |     9 |       |       ||    21
Throw: Stone             |       |    34 |   233 |   339 |   125 |     2 ||   733
       Large rock        |       |       |       |       |     8 |       ||     8
       Tomahawk          |       |       |       |       |     3 |       ||     3
       Throwing net      |       |       |       |       |     1 |       ||     1
 Cast: Sticks to Snakes  |       |     1 |       |       |     1 |       ||     2
Invok: Divine Energy     |       |       |       |       |     2 |       ||     2
       Stop Divine Energ |       |       |       |       |     1 |       ||     1
 Abil: Evoke Berserk Rag |       |       |       |       |    10 |       ||    10
       Evoke Flight      |       |       |       |       |     2 |       ||     2
Evoke: Wand              |       |       |       |    10 |    33 |       ||    43
       Lamp of fire      |       |       |       |     1 |       |     1 ||     2
  Use: Potion            |       |     1 |       |     2 |     3 |       ||     6
       Scroll            |       |       |     3 |     9 |    20 |       ||    32
 Stab: Sleeping          |     1 |     2 |       |       |     2 |       ||     5
       Confused          |       |     1 |       |       |       |     4 ||     5
       Paralysed         |       |       |       |     5 |     7 |       ||    12
       Distracted        |       |       |       |       |     1 |       ||     1
       Held in net/web   |       |       |       |       |     2 |       ||     2
  Eat: Chunk             |    12 |     9 |    29 |    61 |    79 |     9 ||   199
Armor: Skin              |    46 |    34 |   128 |   216 |   384 |    37 ||   845
Dodge: Dodged            |    50 |    65 |   173 |   300 |   705 |    96 ||  1389
Block: Medium shield     |       |       |       |   252 |   711 |   102 ||  1065
